 Dungeon Crawl Stone Soup version 0.29.1-15-g9cfb28693d (webtiles) character file.

Game seed: 10528808206133365377

14 H0rd4k the Charlatan (level 2, 0/21 HPs)
             Began as a Human Artificer on Apr 14, 2023.
             Slain by a quokka (3 damage)
             ... on level 2 of the Dungeon.
             The game lasted 00:00:29 (1090 turns).

H0rd4k the Charlatan (Human Artificer)              Turns: 1090, Time: 00:00:29

Health: 0/21       AC:  3    Str: 12    XL:     2   Next: 55%
Magic:  2/2        EV: 11    Int: 11    God:
Gold:   72         SH:  0    Dex: 13    Spells: 1/1 levels left

rFire   . . .      SeeInvis .   a - +0 club
rCold   . . .      Faith    .   (no shield)
rNeg    . . .      Spirit   .   b - +0 leather armour
rPois   .          Reflect  .   (no helmet)
rElec   .          Harm     .   (no cloak)
rCorr   .          Rampage  .   (no gloves)
Will    .....                   (no boots)
Stlth   +.........              (no amulet)
HPRegen 0.07/turn               (no ring)
MPRegen 0.08/turn               (no ring)

@: no status effects
A: no striking features
a: no special abilities


You were on level 2 of the Dungeon.
You visited 1 branch of the dungeon, and saw 2 of its levels.

You collected 72 gold pieces.

Inventory:

Hand Weapons
 a - a +0 club (weapon)
Armour
 b - a +0 leather armour (worn)
Wands
 c - a wand of flame (15) (quivered)
 d - a wand of charming (15)
 e - a wand of iceblast (5)
Scrolls
 h - a scroll of enchant weapon {unknown}
 i - 3 scrolls of identify {unknown}
 j - 2 scrolls of poison {unknown}
 l - a scroll of enchant armour {unknown}
Potions
 f - a potion of flight {unknown}
 g - a potion of ambrosia {unknown}
 k - a potion of mutation {unknown}
 m - a potion of cancellation {unknown}


   Skills:
 + Level 1.1 Fighting
 + Level 0.5 Maces & Flails
 - Level 2.0 Armour
 + Level 1.0 Dodging
 + Level 1.0 Stealth
 + Level 3.6 Evocations


You had one spell level left.
You didn't know any spells.
Your spell library was empty.

Dungeon Overview and Level Annotations

Branches:
Dungeon (2/15)

Altars:


Message History

The jackal attacks as you move away! The jackal bites you.
The jackal barely misses you.
You hit the jackal.
The jackal is heavily wounded.
The jackal bites you.
You hit the jackal but do no damage.
The jackal is moderately wounded.
The jackal bites you but does no damage.
You hit the jackal.
The jackal is heavily wounded.
The jackal bites you. x2
* * * LOW HITPOINT WARNING * * *
You closely miss the jackal.
The jackal is heavily wounded.
The jackal closely misses you. x2
You hit the jackal.
You kill the jackal!
The jackal misses you.
You closely miss the jackal.
The jackal is heavily wounded.
The jackal closely misses you. x2
You hit the jackal.
You kill the jackal!
You hit the rat.
You kill the rat!
The quokka bites you but does no damage.
You miss the quokka. The quokka barely misses you.
You miss the quokka.
The quokka bites you but does no damage.
The quokka twitches its whiskers.
The quokka barely misses you.
You closely miss the quokka. The quokka bites you.
* * * LOW HITPOINT WARNING * * *
You miss the quokka. Your punch misses the quokka.
The quokka bites you but does no damage.
The quokka barely misses you.
You hit the quokka.
The quokka is almost dead.
The quokka bites you.
You die...

.......<.....#
####.###.###.#
#.###.###
#....>..#
#####.#.# #.#.#
#####.#.###
..........#
##.####@#.#
##r#.# . #..#.#
... #..#.#
.....###....#
............#
............#
...#####.......
. #..####.#


You could see a quokka.

Vanquished Creatures
  An endoplasm (D:1)
  2 hobgoblins (D:1)
  2 jackals (D:2)
  2 ball pythons (D:1)
  A bat (D:1)
  2 goblins (D:1)
  3 rats
13 creatures vanquished.

Notes
Turn   | Place    | Note
-------+----------+-------------------------------------------
     0 | D:1      | H0rd4k the Human Artificer began the quest for the Orb.
     0 | D:1      | Reached XP level 1. HP: 15/15 MP: 1/1
   652 | D:1      | Reached XP level 2. HP: 21/21 MP: 2/2
   780 | D:1      | Found a faded altar of an unknown god.
  1090 | D:2      | Slain by a quokka

Illustrated notes

Levels and vault maps discovered:
D:1:      mrwooster_arrival_arrow, layout_basic,
          chequers_ecumenical_altar_simple_redux, item_on_display_a
D:2:      layout_loops_corners, st_stairs_12, uniq_sigmund, uniq_natasha,
          uniq_crazy_yiuf_cottage

Action                   || total
-------------------------++-------
Melee: Club              ||    57
Armor: Leather armour    ||    18
Dodge: Dodged            ||    43
